cohdb
Replays
Latest Replays
All Replays
Popular Replays
Top Player Replays
Match Explorer
How It Works
Community
CoH3 Stats
Reddit
Sign in to upload your games and track your stats! →
Sign in with Steam
Match 45477419
Unlisted
Match 45477419
Overview
Messages
Build Orders
End
Royal Engineer Section
Construct Section Command Post
Dingo Light Scout Car
Infantry Section
Infantry Section
Infantry Section
Construct Field Infirmary
Construct Platoon Command Post
Unlock M3 Stuart Light Tanks
M3 Stuart Light Tank
6-pounder Anti-tank Gun Team
M3 Stuart Light Tank
Selects Indian Artillery Battlegroup
Selects Valour
Selects Gurkha Rifles Section
Selects Pillage
Infantry Section
M3 Stuart Light Tank
Selects Artillery Saturation
jindo
UMirinBrah?
0
0
Comments
sign in to comment!
No comments posted yet!